 Dungeon Crawl Stone Soup version 0.29-a0-375-g5102b3be25 (webtiles) character file.

Game seed: 11703228207598828736

8 spaghetti the Caller (level 2, -1/19 HPs)
             Began as a Gnoll Summoner on May 3, 2022.
             Slain by a ball python (2 damage)
             ... on level 1 of the Dungeon.
             The game lasted 00:00:29 (220 turns).

spaghetti the Caller (Gnoll Summoner)                Turns: 220, Time: 00:00:29

Health: -1/19      AC:  2    Str:  7    XL:     2   Next: 8%
Magic:  5/7        EV: 10    Int: 14    God:
Gold:   35         SH:  0    Dex: 12    Spells: 7/10 levels left

rFire   . . .      SeeInvis .   (no weapon)
rCold   . . .      Faith    .   (no shield)
rNeg    . . .      Spirit   .   a - +0 robe
rPois   .          Reflect  .   (no helmet)
rElec   .          Harm     .   (no cloak)
rCorr   .          Rampage  .   (no gloves)
Will    .....                   (no boots)
Stlth   ++........              (no amulet)
HPRegen 0.06/turn               (no ring)
MPRegen 0.10/turn               (no ring)

@: constricted
A: fangs 1, strong nose, distributed training
a: no special abilities


You were on level 1 of the Dungeon.
You visited 1 branch of the dungeon, and saw 1 of its levels.

You collected 35 gold pieces.


Innate Abilities, Weirdness & Mutations

You have very sharp teeth.
Your uncanny sense of smell can sniff out nearby items.
Your experience applies equally to all skills.


   Skills:
 + Level 0.2 Fighting
 + Level 0.2 Short Blades
 + Level 0.2 Long Blades
 + Level 0.2 Axes
 + Level 0.2 Maces & Flails
 + Level 0.2 Polearms
 + Level 0.2 Staves
 + Level 0.2 Slings
 + Level 0.2 Bows
 + Level 0.2 Crossbows
 + Level 0.2 Throwing
 + Level 0.2 Armour
 + Level 4.4 Dodging
 + Level 4.0 Stealth
 + Level 0.2 Shields
 + Level 0.2 Unarmed Combat
 + Level 4.9 Spellcasting
 + Level 0.1 Conjurations
 + Level 0.1 Hexes
 + Level 7.0 Summonings
 + Level 0.1 Necromancy
 + Level 0.1 Translocations
 + Level 0.1 Transmutations
 + Level 0.1 Fire Magic
 + Level 0.1 Ice Magic
 + Level 0.1 Air Magic
 + Level 0.1 Earth Magic
 + Level 0.1 Poison Magic
 + Level 0.3 Invocations
 + Level 0.2 Evocations


You had 7 spell levels left.
You knew the following spells:

 Your Spells              Type           Power      Damage    Failure   Level
a - Summon Small Mammal   Summ           92%        N/A       1%          1
b - Call Imp              Summ           23%        N/A       1%          2

Your spell library contained the following spells:

 Spells                   Type           Power      Damage    Failure   Level
 Call Canine Familiar     Summ           23%        N/A       3%          3
 Summon Guardian Golem    Hex/Summ       13%        N/A       12%         3
 Summon Lightning Spire   Summ/Air       13%        N/A       36%         4

Inventory:

Missiles
 d - 6 poisoned darts {throwing}
Armour
 a - a +0 robe (worn)
Scrolls
 c - a scroll of identify {unknown}
Potions
 b - a potion of magic

Dungeon Overview and Level Annotations

Branches:
Dungeon (1/15)

Altars:

♣P.≈ ... . ≈≈P
.... ..♣♣..♣
..... .......
.....
.....###.....
.g†r.......
#Sr.......
#.@.....(.
#.........
#......!..
#.........
#####.........
#.............
#..#######..###.#
#..# #.# #.#
#.### .# #.#


You could see a goblin, a ball python (ally target) and 2 friendly quokkas.


Message History

Your hp is fully restored (13).
d - 6 poisoned darts {throwing} Key pressed, stopping explore.
You now have 24 gold pieces (gained 13).
You now have 35 gold pieces (gained 11).
A jackal comes into view.
A jackal comes into view.
An endoplasm comes into view.
Casting: Summon Small Mammal (safe; 1% risk of failure)
Confirm with . or Enter, or press ? or * to list all spells.
The endoplasm quivers. 😎 MP[-1]
You lost 1 mp, and now have 5/6 mp.
Casting: Summon Small Mammal (safe; 1% risk of failure)
Confirm with . or Enter, or press ? or * to list all spells.
😎 MP[-1]
You lost 1 mp, and now have 4/6 mp.
You hit the endoplasm.
The jackal barks! x2; You hear an angry hiss.
A ball python comes into view.
Your quokka bites the jackal.
The jackal dies!
The endoplasm hits you. 😕 HP[-2]
You take 2 damage, and now have 11/13 hp.
You hit the endoplasm. The jackal misses your quokka.
The endoplasm freezes you.
You are frozen. 😮 HP[-2]
You take 2 damage, and now have 9/13 hp.
You barely miss the endoplasm.
Your quokka bites the endoplasm.
The jackal barely misses your quokka. The endoplasm freezes you.
You are frozen. 😮 HP[-2]
You take 2 damage, and now have 7/13 hp.
You barely miss the endoplasm. You bite the endoplasm.
Your quokka bites the endoplasm.
The endoplasm dies!
Your quokka bites the jackal.
The jackal barely misses your quokka.
Your quokka barely misses the jackal.
You have reached level 2! 😮 HP[+3]
You now have 19 max hp (+6).
You regained 3 hp, and now have 10/19 hp.
Memorise Call Imp, consuming 2 spell levels and leaving 7?
The jackal bites your quokka.
Your quokka closely misses the jackal.
The jackal bites your quokka but does no damage.
Your quokka barely misses the jackal.
Your quokka closely misses the jackal.
You start memorising the spell.
You continue memorising.
The jackal closely misses your quokka.
Your quokka closely misses the jackal.
Your quokka bites the jackal.
The jackal dies!
You continue memorising.
The ball python barely misses you. The ball python closely misses you.
Your quokka closely misses the ball python.
Your quokka barely misses the ball python.
The ball python closely misses you. The ball python completely misses you.
You finish memorising.
Spell assigned to 'b'. 😮 HP[+1]
You closely miss the ball python.
Your quokka barely misses the ball python.
Your quokka misses the ball python. The ball python bites you.
* * * LOW HITPOINT WARNING * * *
The ball python closely misses you.
A goblin comes into view.
It is wielding a +0 dagger. 😨 HP[-2] MP[+1]
You take 2 damage, and now have 9/19 hp.
You barely miss the ball python.
You bite the ball python, but do no damage.
Your quokka misses the ball python. x2; The ball python closely misses you.
The ball python grabs you. The ball python constricts you.
Your quokka barely misses the ball python.
Unknown command.
You barely miss the ball python.
Your quokka barely misses the ball python.
The ball python bites you.
* * * LOW HITPOINT WARNING * * *
The ball python constricts you.
Your quokka closely misses the ball python. x2 😨 HP[-3]
You take 3 damage, and now have 6/19 hp.
You closely miss the ball python. The ball python completely misses you.
The ball python constricts you.
* * * LOW HITPOINT WARNING * * *
Your quokka bites the ball python.
Your quokka closely misses the ball python. 😨 HP[-1]
You take 1 damage, and now have 5/19 hp.
Unknown command.
You hit the ball python but do no damage.
Your punch misses the ball python. The ball python bites you.
* * * LOW HITPOINT WARNING * * *
The ball python constricts you.
* * * LOW HITPOINT WARNING * * *
Your quokka completely misses the ball python.
Your quokka barely misses the ball python.
The ball python bites you.
You die...

Action                   || total
-------------------------++-------
Melee: Unarmed           ||    24
       Bite              ||     3
 Cast: Summon Small Mamm ||     6
 Stab: Distracted        ||     1
Armor: Robe              ||     3
Dodge: Dodged            ||    20

Levels and vault maps discovered:
D:1:      psy_arrival_radial01, layout_basic,
          shapermc_ecumenical_altar_mp_ritualfount, st_stairs_6,
          serial_bayou_crossing

Notes
Turn   | Place    | Note
-------+----------+-------------------------------------------
     0 | D:1      | spaghetti the Gnoll Summoner began the quest for the Orb.
     0 | D:1      | Reached XP level 1. HP: 13/13 MP: 6/6
     0 | D:1      | magus.rc [v1.9.6]
   213 | D:1      | Reached XP level 2. HP: 10/19 MP: 4/7
   216 | D:1      | Learned a level 2 spell: Call Imp
   220 | D:1      | HP: 2/19 [ball python (3)]
   220 | D:1      | Slain by a ball python

Vanquished Creatures
  A hobgoblin (D:1)
  A ball python (D:1)
2 creatures vanquished.

Vanquished Creatures (collateral kills)
  An endoplasm (D:1)
  A hobgoblin (D:1)
  2 jackals (D:1)
  A rat (D:1)
5 creatures vanquished.

Grand Total: 7 creatures vanquished

Table legend:
 A = Non-vault XP
 B = Vault XP
 C = Vault XP percentage of total XP
 D = Non-vault monster count
 E = Vault monster count
 F = Vault count percentage of total count
                 A         B        C        D         E       F
            +---------+---------+-------+---------+---------+-------
      Total |       9 |       3 |  25.0 |       5 |       2 |  28.6
            +---------+---------+-------+---------+---------+-------
        D:1 |       9 |       3 |  25.0 |       5 |       2 |  28.6
            +---------+---------+-------+---------+---------+-------

Illustrated notes

Table legend:
 A = Kills in this place as a percentage of kills in entire the game.
 B = Kills by you in this place as a percentage of kills by you in the entire game.
 C = Kills by friends in this place as a percentage of kills by friends in the entire game.
 D = Other kills in this place as a percentage of other kills in the entire game.
 E = Experience gained in this place as a percentage of experience gained in the entire game.
 F = Experience gained in this place divided by the number of levels of this place that you have seen.
                   A       B       C       D       E      F
               +-------+-------+-------+-------+-------+----------------------
         Total | 100.0 | 100.0 | 100.0 |   N/A | 100.0 |  12.0
       Dungeon | 100.0 | 100.0 | 100.0 |   N/A | 100.0 |  12.0
               +-------+-------+-------+-------+-------+----------------------

Table legend: (Time is in decaauts)
 A = Elapsed time spent in this place.
 B = Non-inter-level travel time spent in this place.
 C = Inter-level travel time spent in this place.
 D = Time resting spent in this place.
 E = Time spent auto-exploring this place.
 F = Levels seen in this place.
 G = Mean time per level.
                   A        B        C        D        E       F      G
               +--------+--------+--------+--------+--------+-----+--------+
         Total |    220 |    220 |      0 |     12 |    155 |   1 |  220.0 |
       Dungeon |    220 |    220 |      0 |     12 |    155 |   1 |  220.0 |
               +--------+--------+--------+--------+--------+-----+--------+

Top non-repeatable levels by time:
     D:1: 220 daAuts
